 Dungeon Crawl Stone Soup version 0.23.0 (webtiles) character file.

Game seed: 15703667278191630804

5495 Folque the Geomancer (level 10, 0/73 HPs)
             Began as a Black Draconian Earth Elementalist on Feb 16, 2019.
             Was a Follower of Vehumet.
             Killed themself with a bounced orb of electricity (11 damage)
             ... on level 10 of the Dungeon.
             The game lasted 00:47:14 (12303 turns).

Folque the Geomancer (DrEE)                        Turns: 12303, Time: 00:47:15

Health: 0/73       AC:  8    Str: 11    XL:     10   Next: 42%
Magic:  0/15       EV: 17    Int: 23    God:    Vehumet [*.....]
Gold:   497        SH:  0    Dex: 20    Spells: 3/19 levels left

rFire    + . .     SeeInvis .   h - +0 dagger
rCold    . . .     Gourm    .   (no shield)
rNeg     . . .     Faith    .   (armour unavailable)
rPois    .         Spirit   .   (helmet restricted)
rElec    +         Reflect  .   s - +0 cloak (curse)
rCorr    .         Harm     .   (no gloves)
MR       .....     Clarity  +   (no boots)
Stlth    ++++......             (no amulet)
HPRegen  0.22/turn              g - +3 ring of dexterity
MPRegen  0.14/turn              x - ring of protection from fire

@: brilliant, agile
A: breathe lightning, unfitting armour, big wings, blink, clarity, low mp 1,
electricity resistance, cold-blooded, AC +7
a: Breathe Lightning, Fly, Blink, Renounce Religion


You were on level 10 of the Dungeon.
You worshipped Vehumet.
Vehumet was aware of your devotion.
You were not hungry.

You visited 2 branches of the dungeon, and saw 11 of its levels.

You collected 497 gold pieces.

Inventory:

Hand Weapons
 h - a +0 dagger (weapon)
 o - a +0 blowgun
Missiles
 b - 184 stones (quivered)
 f - 16 tomahawks
 t - 3 throwing nets
Armour
 s - a cursed +0 cloak (worn)
Jewellery
 g - a +3 ring of dexterity (left hand)
 x - a ring of protection from fire (right hand)
Wands
 a - a wand of digging (4)
 r - a wand of random effects (72)
Scrolls
 d - 4 scrolls of magic mapping
 e - 2 scrolls of immolation
 i - 2 scrolls of enchant armour
 k - 3 scrolls of remove curse
 m - a scroll of enchant weapon {unknown}
 u - 3 scrolls of teleportation {unknown}
 v - a scroll of fear {unknown}
 w - a scroll of blinking
 y - a scroll of fog {unknown}
Potions
 l - a potion of brilliance
 n - a potion of flight
 p - a potion of ambrosia {unknown}
 q - a potion of degeneration
 z - a potion of heal wounds {unknown}
 B - a potion of curing
Comestibles
 c - 12 rations
 A - 5 chunks of flesh


   Skills:
 - Level 2.1 Fighting
 * Level 4.5 Short Blades
 - Level 1.7 Dodging
 - Level 4.1 Stealth
 - Level 5.0 Spellcasting
 + Level 7.6 Conjurations
 + Level 4.8 Transmutations
 * Level 8.5 Earth Magic


You had 3 spell levels left.
You knew the following spells:

 Your Spells              Type           Power        Failure   Level  Hunger
a - Sandblast             Erth           ######       1%          1    None
b - Passwall              Tmut/Erth      ######..     1%          2    None
c - Stone Arrow           Conj/Erth      ######       1%          3    ##.....
d - Lee's Rapid Deconstr  Erth           ######....   1%          5    #####..
e - Petrify               Tmut/Erth      ######..     1%          4    ####...
f - Sting                 Conj/Pois      ####         1%          1    None

Your spell library contained the following spells:

 Spells                   Type           Power        Failure   Level  Hunger


Dungeon Overview and Level Annotations

Branches:
Dungeon (11/15)            Temple (1/1) D:7
   Lair: D:8-11         Orc: D:9-12

Altars:
Ashenzari
Cheibriados
Dithmenos
Elyvilon
Fedhas
Gozag
Kikubaaqudgha
Makhleb
Nemelex Xobeh
Okawaru
Qazlal
Ru
Sif Muna
Trog
Uskayaw
Vehumet
Xom
Yredelemnul
Zin
The Shining One

Shops:
D:7 [


Innate Abilities, Weirdness & Mutations

You can breathe wild blasts of lightning.
Your glossy black scales are hard. (AC +7)
You cannot fit into any form of body armour.
You are resistant to electric shocks. (rElec)
You are cold-blooded and may be slowed by cold attacks.
Your large and strong wings let you fly indefinitely.
You can translocate small distances at will.
You possess an exceptional clarity of mind.
Your magical capacity is low. (-10% MP)


Message History

Aiming: Sandblast (safe; 1% risk of failure)
Press: ? - help, Shift-Dir - straight line, f - hippogriff
Aim: a hippogriff The blast of sand hits the hippogriff!
The hippogriff is moderately wounded.
b - 185 stones
Casting: Sandblast (safe; 1% risk of failure)
Confirm with . or Enter, or press ? or * to list all spells.
Aiming: Sandblast (safe; 1% risk of failure)
Press: ? - help, Shift-Dir - straight line, f/p - hippogriff
Aim: a hippogriff (moderately wounded)
The blast of sand hits the hippogriff!!
The hippogriff is almost dead.
b - 184 stones You breathe a wild blast of lightning!
The orb of electricity explodes!
The orb of electricity engulfs the hippogriff!
You kill the hippogriff!
Vehumet accepts your kill. The orb of electricity engulfs you! You resist.
You die...

##+##########
............#
............#
...........>#
............#
........)...#
.........†@.#
............#
##+##########


There were no monsters in sight!

Vanquished Creatures
  Joseph (D:7)
  A gargoyle (D:10)
  A troll (D:11)
  A hippogriff (D:10)
  2 humans
  3 yaks
  3 hogs (D:7)
  A hungry ghost (D:4)
  An ice beast (D:7)
  2 sky beasts
  An orc warrior (D:6)
  A phantom (D:6)
  A wolf (D:5)
  5 ogres
  2 centaurs
  A necrophage (D:8)
  A big kobold (D:4)
  2 bullfrogs
  3 gnoll sergeants (D:5)
  A wyvern zombie (D:7)
  2 howler monkeys
  3 crimson imps
  A bullfrog zombie (D:6)
  8 hounds
  An orc priest (D:7)
  3 gnoll shamans
  3 bullfrog skeletons
  A centaur skeleton (D:4)
  Natasha (thrice) (D:4)
  5 orc wizards
  2 iguanas
  7 worker ants
  A hound zombie (D:7)
  A hound skeleton (D:5)
  26 gnolls
  12 adders
  An ooze (D:5)
  2 adder zombies
  2 adder skeletons
  5 worms (D:2)
  13 dart slugs
  2 leopard geckos
  8 orcs
  11 bats
  7 giant cockroaches
  14 goblins
  17 hobgoblins
  5 jackals
  4 quokkas
  A ball python (D:1)
  11 frilled lizards
  A jackal zombie (D:7)
  9 kobolds
  A kobold skeleton (D:6)
  A quokka zombie (D:6)
  9 rats
237 creatures vanquished.

Vanquished Creatures (others)
  An ogre (D:4)
  Robin (D:4)
  An adder (D:4)
  A leopard gecko (D:4)
  A goblin (D:4)
  A jackal (D:4)
  2 quokkas (D:4)
8 creatures vanquished.

Grand Total: 245 creatures vanquished

Notes
Turn   | Place    | Note
-------+----------+-------------------------------------------
     0 | D:1      | Folque the Draconian Earth Elementalist began the quest for
                  | the Orb.
     0 | D:1      | Reached XP level 1. HP: 14/14 MP: 3/3
    85 | D:1      | Reached skill level 1 in Fighting
   293 | D:1      | Reached XP level 2. HP: 23/23 MP: 0/5
   486 | D:1      | Learned a level 2 spell: Passwall
  1000 | D:2      | Reached XP level 3. HP: 29/29 MP: 4/6
  1049 | D:2      | Learned a level 3 spell: Stone Arrow
  1788 | D:2      | Reached XP level 4. HP: 34/36 MP: 3/7
  1923 | D:2      | Found a blossoming altar of Fedhas.
  2237 | D:2      | Found a basalt altar of Yredelemnul.
  2381 | D:2      | Reached skill level 1 in Conjurations
  2381 | D:2      | Reached skill level 4 in Earth Magic
  2676 | D:3      | Reached XP level 5. HP: 37/41 MP: 5/9
  2763 | D:3      | Gained mutation: You are robust. (+10% HP) [potion of
                  | mutation]
  2763 | D:3      | Gained mutation: Your magical capacity is low. (-10% MP)
                  | [potion of mutation]
  2763 | D:3      | Gained mutation: Your body sometimes deteriorates upon
                  | taking damage. [potion of mutation]
  2763 | D:3      | Gained mutation: Your large and strong wings let you fly
                  | indefinitely. [potion of mutation]
  2767 | D:3      | HP: 1/45 [orc wizard/magic dart (3)]
  2775 | D:2      | Lost mutation: Your body sometimes deteriorates upon taking
                  | damage. [potion of mutation]
  2775 | D:2      | Lost mutation: You are robust. (+10% HP) [potion of
                  | mutation]
  2775 | D:2      | Gained mutation: You possess an exceptional clarity of
                  | mind. [potion of mutation]
  2775 | D:2      | Gained mutation: You can translocate small distances at
                  | will. [potion of mutation]
  3626 | D:3      | Learned a level 5 spell: Lee's Rapid Deconstruction
  3727 | D:3      | Reached XP level 6. HP: 48/48 MP: 9/11
  3772 | D:3      | Found a glowing golden altar of the Shining One.
  4165 | D:4      | Noticed Robin
  4189 | D:4      | HP: 2/48 [hobgoblin/cursed -1 club[Robin] (7)]
  4205 | D:4      | Found a shimmering altar of Xom.
  4208 | D:5      | Entered Level 5 of the Dungeon
  4446 | D:5      | Noticed a sky beast
  4452 | D:5      | Killed a sky beast
  4452 | D:5      | Reached skill level 5 in Earth Magic
  4493 | D:4      | HP: 1/48 [gnoll shaman/+0 whip (4)]
  4702 | D:4      | Killed Robin
  4791 | D:4      | Noticed Natasha
  4796 | D:4      | Killed Natasha
  4807 | D:4      | Noticed Natasha
  4821 | D:4      | Killed Natasha
  4821 | D:4      | Reached skill level 5 in Spellcasting
  4823 | D:4      | Found a white marble altar of Elyvilon.
  4831 | D:4      | Learned a level 4 spell: Petrify
  4850 | D:4      | Noticed a hungry ghost
  4857 | D:4      | Noticed Natasha
  4878 | D:4      | Killed Natasha
  4878 | D:4      | Your scales start taking on a glossy black colour.
  4878 | D:4      | Reduced skill Earth Magic to level 4
  4878 | D:4      | Reached XP level 7. HP: 54/55 MP: 0/13
  4878 | D:4      | Gained mutation: You are resistant to electric shocks.
                  | (rElec) [Black Draconian growth]
  4897 | D:4      | Killed a hungry ghost
  5048 | D:4      | Reached skill level 5 in Earth Magic
  6484 | D:5      | Reached XP level 8. HP: 61/61 MP: 13/13
  7217 | D:5      | Reached skill level 6 in Earth Magic
  7952 | D:5      | Found a hide-covered altar of Uskayaw.
  8057 | D:5      | Reached skill level 5 in Conjurations
  8720 | D:6      | Reached XP level 9. HP: 67/67 MP: 7/14
  8736 | D:6      | Found a burning altar of Makhleb.
  8788 | D:6      | Found a runed translucent door.
  8793 | D:6      | Found a basalt altar of Yredelemnul.
  8994 | D:7      | Noticed Joseph
  9375 | D:7      | HP: 2/67 [Joseph/+0 quarterstaff (8)]
  9376 | D:7      | Killed Joseph
  9376 | D:7      | Reached skill level 7 in Earth Magic
  9384 | D:7      | Found Comea's Armour Shop.
  9784 | D:7      | Found a glowing silver altar of Zin.
  9899 | D:7      | Found a stormy altar of Qazlal.
 10786 | D:7      | Found a staircase to the Ecumenical Temple.
 10792 | Temple   | Entered the Ecumenical Temple
 11028 | Temple   | Became a worshipper of Vehumet
 11094 | D:7      | Reached skill level 1 in Short Blades
 11304 | D:7      | Found a sparkling altar of Nemelex Xobeh.
 11562 | D:7      | Reached skill level 8 in Earth Magic
 11584 | D:7      | Reached XP level 10. HP: 49/73 MP: 0/15
 11946 | D:8      | Reached * piety under Vehumet
 11946 | D:8      | Offered knowledge of Sting by Vehumet.
 12046 | D:8      | You fall through a shaft for 3 floors!
 12049 | D:11     | Learned a level 1 spell: Sting
 12278 | D:10     | Entered Level 10 of the Dungeon
 12278 | D:10     | Noticed a gargoyle
 12286 | D:10     | Killed a gargoyle
 12303 | D:10     | Killed themself with a bounced orb of electricity

Skill      XL: |  1  2  3  4  5  6  7  8  9 10 |
---------------+-------------------------------+-----
Fighting       | 1 2 |  2.1
Conjurations   | 1 2 6 7 |  7.6
Earth Magic    | 4 4 5 6 8 |  8.5
Spellcasting   | 3 4 5 |  5.0
Transmutations | 3 4 |  4.8
Stealth        | 4 |  4.1
Short Blades   | 3 4 |  4.5
Dodging        | |  1.7

Action                   |  1- 3 |  4- 6 |  7- 9 | 10-12 || total
-------------------------+-------+-------+-------+-------++-------
Melee: Unarmed           |    53 |       |       |       ||    53
       Tailslap          |    12 |    33 |    27 |     2 ||    74
       Dagger            |    64 |   283 |   197 |    21 ||   565
 Cast: Sandblast         |    34 |    38 |    65 |    27 ||   164
       Passwall          |     2 |       |     2 |     1 ||     5
       Stone Arrow       |       |    24 |    78 |    10 ||   112
       Lee's Rapid Decon |       |     2 |    16 |     3 ||    21
       Petrify           |       |       |    12 |       ||    12
       Sting             |       |       |       |     2 ||     2
 Abil: Fly               |       |     2 |     3 |       ||     5
       Stop Flying       |       |     2 |     3 |       ||     5
       Breathe Lightning |       |       |    20 |     3 ||    23
  Use: Scroll            |     1 |     6 |     5 |       ||    12
       Potion            |       |     9 |     3 |     2 ||    14
 Stab: Sleeping          |     2 |     4 |       |       ||     6
       Petrified         |       |       |    21 |       ||    21
       Invisible         |       |       |     1 |       ||     1
  Eat: Chunk             |     3 |    11 |    13 |     6 ||    33
       Ration            |       |     1 |     7 |       ||     8
Armor: Skin              |    45 |   106 |    72 |     8 ||   231
Dodge: Dodged            |    77 |   210 |   185 |    28 ||   500
